 Dungeon Crawl Stone Soup version 0.23-a0-171-g5ae17c6 (webtiles) character file.

9123 grindst0ne the Fighter (level 11, -6/93 HPs)
             Began as a Mummy Gladiator on Sept 13, 2018.
             Was an Initiate of Gozag.
             Shot with an arrow by a centaur (11 damage)
             ... on level 10 of the Dungeon.
             The game lasted 00:28:53 (13650 turns).

grindst0ne the Fighter (Mummy Gladiator)           Turns: 13650, Time: 00:28:53

Health: -6/93      AC: 11    Str: 19    XL:     11   Next: 18%
Magic:  15/15      EV: 11    Int: 11    God:    Gozag
Gold:   91         SH:  0    Dex: 16    Spells: 8/10 levels left

rFire    x . .     SeeInvis .   t - +0 morningstar
rCold    + + .     Gourm    .   (no shield)
rNeg     + + +     Faith    .   g - +0 chain mail
rPois    ∞         Spirit   .   s - +2 helmet of Demaphid {Int+4}
rElec    .         Reflect  .   (no cloak)
rCorr    .         Harm     .   (no gloves)
MR       +....                  (no boots)
Stlth    ..........             (no amulet)
HPRegen  0.25/turn              q - +3 ring of evasion
MPRegen  0.14/turn              v - ring of protection from cold

@: no status effects
A: no food or potions, fire vulnerability, cold resistance 1, negative energy
resistance 3, torment resistance, unbreathing
a: Potion Petition, Call Merchant, Bribe Branch, Renounce Religion


You were on level 10 of the Dungeon.
You worshipped Gozag.
Gozag was noncommittal.
You were not hungry.

You visited 1 branch of the dungeon, and saw 11 of its levels.

You collected 2107 gold pieces.
You spent 850 gold pieces at shops.
You paid 1166 gold pieces to Gozag.

Inventory:

Hand Weapons
 p - a +0 antimagic whip
 t - a +0 morningstar (weapon)
Missiles
 d - 2 throwing nets
 j - a javelin (quivered)
Armour
 g - a +0 chain mail (worn)
 l - a +0 shield
 s - the +2 helmet of Demaphid (worn) {Int+4}
   (You took it off Robin on level 4 of the Dungeon)

   It affects your intelligence (+4).
Jewellery
 c - a cursed ring of attention {unknown}
 q - a +3 ring of evasion (left hand)
 r - an uncursed ring of protection from cold
 v - a ring of protection from cold (right hand)
 C - an uncursed ring of flight
Wands
 a - a wand of clouds (4)
 w - a wand of random effects (42)
 y - a wand of flame (62)
 z - a wand of digging (9)
Scrolls
 b - a scroll of brand weapon {unknown}
 e - 2 scrolls of teleportation
 f - a scroll of summoning
 h - 4 scrolls of amnesia
 k - 2 scrolls of fear
 m - 2 scrolls of remove curse
 o - 3 scrolls of enchant weapon
 u - 5 scrolls of blinking
 x - 4 scrolls of immolation
 A - a scroll of holy word
 D - 2 scrolls of vulnerability
 E - a scroll of enchant armour {unknown}


   Skills:
 + Level 11.2 Fighting
 + Level 9.7 Maces & Flails
 - Level 1.5 Throwing
 - Level 2.1 Armour
 - Level 2.4 Dodging
 - Level 6.0 Evocations


You had 8 spell levels left.
You knew the following spells:

 Your Spells              Type           Power        Failure   Level  Hunger
a - Blink                 Tloc           N/A          100%        2    N/A

Your spell library contained the following spells:

 Spells                   Type           Power        Failure   Level  Hunger
 Magic Dart               Conj           #...         99%         1    N/A
 Summon Small Mammal      Summ           #...         99%         1    N/A
 Call Imp                 Summ           #.......     100%        2    N/A
 Slow                     Hex            #.......     100%        2    N/A
 Call Canine Familiar     Summ           #.......     100%        3    N/A
 Conjure Flame            Conj/Fire      #.......     100%        3    N/A
 Mephitic Cloud           Conj/Pois/Air  #.......     100%        3    N/A
 Summon Guardian Golem    Hex/Summ       #.......     100%        3    N/A
 Summon Ice Beast         Ice/Summ       #.......     100%        4    N/A
 Summon Lightning Spire   Summ/Air       #.......     100%        4    N/A

Dungeon Overview and Level Annotations

Branches:
Dungeon (11/15)            Temple (0/1) D:7            Lair (0/6) D:9
    Orc: D:9-12

Altars:
Cheibriados
Fedhas
Gozag
Qazlal
Sif Muna
Uskayaw
Wu Jian
Xom
The Shining One

Shops:
D:7 [:??   D:11 (

Annotations:
D:3 exclusion: downstairs
D:6 exclusion: downstairs


Innate Abilities, Weirdness & Mutations

You do not eat or drink.
Your flesh is vulnerable to fire.
You are immune to poison.
Your flesh is cold resistant. (rC+)
You are immune to negative energy. (rN+++)
You are immune to unholy pain and torment.
You can survive without breathing.


Message History

You start resting.
A centaur comes into view. It is wielding a spear.
A centaur is nearby!
The centaur shouts!
The centaur unwields an uncursed spear.
The centaur wields a shortbow.
The centaur shoots an arrow.
The arrow hits you!
* * * LOW HITPOINT WARNING * * *
You see here an arrow.
The centaur shoots an arrow.
The arrow barely misses you.
The centaur shoots an arrow.
The arrow hits you!
* * * LOW HITPOINT WARNING * * *
The centaur shoots an arrow.
The arrow hits you but does no damage.
Your magical contamination has completely faded away.
You see here 2 arrows.
The centaur shoots an arrow.
The arrow hits you!
* * * LOW HITPOINT WARNING * * *
The centaur shoots an arrow.
The arrow misses you.
The centaur shoots an arrow.
The arrow hits you!
You die...
Your body crumbles into a pile of gold.

......#######.........# #.#####
......................#####......
.......######....................
.......# #..............######
.......# #..............#
.......# #..............######
.......######....................
...................[.............
...........>(.(.@.c..............
.............####...#####........
.##########..# #...# #........ .#
#..# #...# #........
.##########..# #...#####........
.............####................
.................................
.............######..............
##...........# #..............


You could see a centaur.

Vanquished Creatures
  Pikel (D:7)
  2 centaur skeletons
  2 hippogriffs
  Eustachio (D:4)
  3 wyverns
  19 yaks
  4 hungry ghosts
  2 wargs (D:9)
  Menkaure (D:7)
  2 orc warriors
  4 slaves (D:7)
  2 black bears (D:9)
  2 sky beasts (D:6)
  3 necrophages
  7 ogres
  2 centaurs
  3 big kobolds
  2 bullfrogs
  A water moccasin zombie (D:8)
  5 scorpions
  3 wights (D:8)
  6 crimson imps
  5 bullfrog zombies
  4 hounds
  8 orc wizards
  A bullfrog skeleton (D:10)
  3 orc priests
  Natasha (thrice) (D:4 D:3)
  An iguana (D:9)
  14 worker ants
  A hound zombie (D:9)
  A howler monkey zombie (D:10)
  A worker ant zombie (D:8)
  Robin (D:4)
  7 adders
  2 shadow imps
  An adder skeleton (D:4)
  2 adder zombies
  5 worms
  2 dart slugs
  3 leopard geckos
  20 orcs
  6 giant cockroaches
  11 goblins
  10 hobgoblins
  14 jackals
  8 kobolds
  4 quokkas
  A ball python (D:3)
  5 bats
  2 frilled lizards
  2 goblin skeletons (D:4)
  A goblin zombie (D:4)
  A hobgoblin zombie (D:4)
  3 kobold zombies (D:4)
  2 leopard gecko skeletons
  An orc skeleton (D:4)
  A quokka skeleton (D:8)
  A quokka zombie (D:5)
  5 rats
240 creatures vanquished.

Notes
Turn   | Place    | Note
-------+----------+-------------------------------------------
     0 | D:1      | grindst0ne the Mummy Gladiator began the quest for the Orb.
     0 | D:1      | Reached XP level 1. HP: 16/16 MP: 1/1
   114 | D:1      | Reached XP level 2. HP: 23/23 MP: 2/2
   859 | D:1      | Reached XP level 3. HP: 28/28 MP: 3/3
  1433 | D:2      | Reached skill level 3 in Fighting
  2203 | D:3      | Found a deep blue altar of Sif Muna.
  2206 | D:3      | Found an ornate altar of the Wu Jian Council.
  2218 | D:3      | Found an opulent altar of Gozag.
  2224 | D:3      | Reached XP level 4. HP: 25/35 MP: 1/4
  2247 | D:3      | Became a worshipper of Gozag Ym Sagoz the Greedy
  2417 | D:3      | Found a hide-covered altar of Uskayaw.
  3021 | D:4      | Found a glowing golden altar of the Shining One.
  3084 | D:4      | Reached XP level 5. HP: 30/42 MP: 5/5
  3090 | D:4      | Reached skill level 4 in Fighting
  3259 | D:4      | Noticed Robin
  3290 | D:4      | Killed Robin
  3317 | D:4      | Got a transparent helmet
  3328 | D:4      | Identified the +2 helmet of Demaphid {Int+4} (You took it
                  | off Robin on level 4 of the Dungeon)
  3600 | D:4      | Noticed Natasha
  3607 | D:4      | Killed Natasha
  3607 | D:4      | Reached XP level 6. HP: 31/49 MP: 6/6
  3608 | D:4      | Noticed Eustachio
  3619 | D:4      | Noticed Natasha
  3630 | D:3      | Killed Natasha
  3823 | D:4      | Killed Eustachio
  3823 | D:4      | Reached skill level 5 in Fighting
  3878 | D:3      | Noticed Natasha
  3884 | D:3      | Killed Natasha
  4017 | D:4      | Reached skill level 5 in Maces & Flails
  4017 | D:4      | Reached XP level 7. HP: 57/57 MP: 7/7
  4211 | D:4      | Found a snail-covered altar of Cheibriados.
  4255 | D:5      | Entered Level 5 of the Dungeon
  4390 | D:5      | Reached skill level 6 in Fighting
  4792 | D:5      | Found a blossoming altar of Fedhas.
  5231 | D:6      | Reached skill level 7 in Fighting
  5231 | D:6      | Reached XP level 8. HP: 67/67 MP: 8/8
  5977 | D:6      | Reached skill level 1 in Armour
  6417 | D:7      | Found a staircase to the Ecumenical Temple.
  6429 | D:7      | Found Quwaf's Magic Scroll Shop.
  6439 | D:7      | Bought a scroll of blinking for 90 gold pieces
  6439 | D:7      | Bought a scroll of blinking for 90 gold pieces
  6439 | D:7      | Bought a scroll of fear for 42 gold pieces
  6439 | D:7      | Bought a scroll of blinking for 90 gold pieces
  6480 | D:7      | Reached skill level 8 in Fighting
  6548 | D:7      | Found Curraitu's Book Shoppe.
  6557 | D:7      | Noticed Menkaure
  6567 | D:7      | Killed Menkaure
  6567 | D:7      | Reached skill level 1 in Evocations
  6591 | D:7      | Bought a book of Minor Magic for 280 gold pieces
  6594 | D:7      | Learned a level 2 spell: Blink
  6981 | D:7      | Found Bueva's Magic Scroll Shoppe.
  6986 | D:7      | Bought a scroll of teleportation for 36 gold pieces
  6986 | D:7      | Bought a scroll of blinking for 90 gold pieces
  6986 | D:7      | Bought a scroll of blinking for 90 gold pieces
  6986 | D:7      | Bought a scroll of fear for 42 gold pieces
  7055 | D:7      | Noticed Pikel
  7066 | D:7      | Killed Pikel
  7066 | D:7      | Reached XP level 9. HP: 17/75 MP: 8/10
  7395 | D:7      | Found Liurej's Antique Armour Shoppe.
  7698 | D:8      | Found a stormy altar of Qazlal.
  7705 | D:8      | Found a snail-covered altar of Cheibriados.
  8144 | D:8      | Reached skill level 9 in Fighting
  8671 | D:8      | Found a blossoming altar of Fedhas.
  8974 | D:7      | Found a shimmering altar of Xom.
  9357 | D:9      | Reached XP level 10. HP: 72/83 MP: 13/13
  9426 | D:9      | Found a staircase to the Lair.
 10456 | D:9      | Reached skill level 10 in Fighting
 10465 | D:9      | Reached skill level 5 in Evocations
 11858 | D:9      | HP: 2/86 [yak (11)]
 12241 | D:9      | Reached XP level 11. HP: 92/92 MP: 15/15
 12427 | D:10     | Entered Level 10 of the Dungeon
 12790 | D:10     | Reached skill level 11 in Fighting
 13535 | D:11     | HP: 2/93 [wolf spider zombie (11)]
 13554 | D:11     | Found Males's Weapon Shoppe.
 13649 | D:10     | HP: 4/93 [centaur/arrow (10)]
 13650 | D:10     | Shot with an arrow by a centaur

Vault maps used:
D:1:      sevenhm_arrival_forest_fort_large_2
D:2:      columned_hall_lemuel, patterned_corridor
D:3:      grunt_temple_overflow_cloverleaf, first_ration
D:4:      lemuel_coloured_pillars_altar, nicolae_tso_besieged_by_evil,
          uniq_natasha, uniq_robin, uniq_eustachio
D:5:      minmay_parallelograms, fedhas_altar_1
D:7:      lemuel_upstairs_altar, temple_doors_cd, serial_shops, shop, shop,
          nicolae_shop_statue_plus, kennysheep_little_box, uniq_menkaure,
          uniq_pikel
D:8:      marbit_many_paths, basic_altar, blue_anna_alchemist,
          nicolae_qazlal_style_of_elements
D:9:      erik_lair_orcish_takeover
D:11:     orc_david_3, serial_shops, shop, minmay_ruined_shrine

Skill      XL: |  1  2  3  4  5  6  7  8  9 10 11 |
---------------+----------------------------------+-----
Maces & Flails | 3 4 5 6 7 8 9 |  9.7
Fighting       | 3 4 5 7 8 9 10 11 | 11.2
Armour         | 2 |  2.1
Evocations     | 2 4 6 |  6.0
Throwing       | |  1.5
Dodging        | |  2.4

Action                   |  1- 3 |  4- 6 |  7- 9 | 10-12 || total
-------------------------+-------+-------+-------+-------++-------
Melee: Flail             |   120 |   144 |       |       ||   264
       Morningstar       |       |    41 |   362 |   390 ||   793
Throw: Javelin           |    11 |     2 |     2 |     5 ||    20
       Throwing net      |       |     5 |       |       ||     5
Invok: Potion Petition   |       |     1 |       |     2 ||     3
Evoke: Wand              |       |       |    12 |    23 ||    35
  Use: Scroll            |       |       |    10 |    10 ||    20
 Stab: Distracted        |       |       |     1 |     1 ||     2
       Paralysed         |       |       |     2 |       ||     2
Armor: Leather armour    |     4 |       |       |       ||     4
       Ring mail         |    29 |    66 |    54 |       ||   149
       Chain mail        |       |       |   108 |   153 ||   261
Dodge: Dodged            |    74 |   116 |   219 |   209 ||   618

Table legend:
 A = Non-vault XP
 B = Vault XP
 C = Vault XP percentage of total XP
 D = Non-vault monster count
 E = Vault monster count
 F = Vault count percentage of total count
                 A         B        C        D         E       F
            +---------+---------+-------+---------+---------+-------
      Total |   11113 |    1921 |  14.7 |     203 |      33 |  14.0
            +---------+---------+-------+---------+---------+-------
        D:1 |      43 |       0 |   0.0 |      23 |       0 |   0.0
        D:2 |      46 |       0 |   0.0 |      19 |       0 |   0.0
        D:3 |     143 |       0 |   0.0 |      16 |       0 |   0.0
        D:4 |     254 |     339 |  57.2 |      15 |      21 |  58.3
        D:5 |     593 |       0 |   0.0 |      17 |       0 |   0.0
        D:6 |     706 |       0 |   0.0 |      16 |       0 |   0.0
        D:7 |     521 |     832 |  61.5 |      12 |       2 |  14.3
        D:8 |    1483 |      95 |   6.0 |      27 |       1 |   3.6
        D:9 |    5506 |     655 |  10.6 |      35 |       9 |  20.5
       D:10 |    1642 |       0 |   0.0 |      20 |       0 |   0.0
       D:11 |     176 |       0 |   0.0 |       3 |       0 |   0.0
            +---------+---------+-------+---------+---------+-------
